 Dungeon Crawl Stone Soup version 0.25-a0-780-g622e69b31f (webtiles) character file.

Game seed: 11948985767323502573, levelgen mode: deterministic

3761 wvc the Spear-Bearer (level 9, 0/63 HPs)
             Began as a Demonspawn Abyssal Knight on Apr 14, 2020.
             Was an Elder of Lugonu.
             Slain by a fire elemental (6 damage)
             ... summoned by a deep elf mage
             ... in a bailey.
             The game lasted 00:15:46 (6629 turns).

wvc the Spear-Bearer (Demonspawn Abyssal Knight)    Turns: 6629, Time: 00:15:46

Health: 0/63       AC:  8    Str: 13    XL:     9   Next: 94%
Magic:  0/19       EV: 10    Int: 14    God:    Lugonu [****..]
Gold:   41         SH:  0    Dex: 17    Spells: 7/8 levels left

rFire    . . .     SeeInvis .   o - +6 trident
rCold    . . .     Gourm    .   (no shield)
rNeg     . . .     Faith    .   g - +0 ring mail
rPois    .         Spirit   +   (helmet restricted)
rElec    .         Reflect  .   s - +1 cloak
rCorr    .         Harm     .   (no gloves)
MR       .....                  i - +0 pair of boots
Stlth    +.........             (no amulet)
HPRegen  0.20/turn              l - ring of magical power
MPRegen  0.16/turn              x - +2 ring of dexterity

@: hasted, very quick
A: antennae 2, claws 1, talons 1, sense surroundings 1, powered by pain 1, magic
shield, MP-powered wands
a: Depart the Abyss, Bend Space, Banish, Corrupt, Renounce Religion


You were in a bailey.
You worshipped Lugonu.
Lugonu was greatly pleased with you.
You were not hungry.

You visited 1 branch of the dungeon, and saw 7 of its levels.
You visited the Abyss 1 time.
You also visited: Ossuary and Bailey.

You collected 264 gold pieces.
You spent 223 gold pieces at shops.

Inventory:

Hand Weapons
 j - a +1 vorpal halberd
 o - a +6 trident (weapon)
 w - the +3 dagger "Fixtos" {elec, Dex+2 SInv}
   (You took it off an orc on level 4 of the Dungeon)

   Occasionally, upon striking a foe, it will discharge some electrical energy
   and cause terrible harm.
   It affects your dexterity (+2).
   It lets you see invisible.
Missiles
 b - a curare-tipped dart (quivered)
 k - 11 boomerangs
 q - 19 poisoned darts
Armour
 g - a +0 ring mail (worn)
 i - a +0 pair of boots (worn)
 s - a +1 cloak (worn)
Magical Staves
 v - an uncursed staff of earth
Jewellery
 l - a ring of magical power (left claw)
 x - a +2 ring of dexterity (right claw)
Wands
 p - a wand of flame (13)
 r - a wand of iceblast (6)
Scrolls
 f - 3 scrolls of enchant weapon
 h - 2 scrolls of blinking
 n - a scroll of fog
 t - a scroll of remove curse
 u - a scroll of immolation
 y - 4 scrolls of teleportation
 E - a scroll of magic mapping
Potions
 a - 3 potions of invisibility
 d - 3 potions of ambrosia
 e - 3 potions of curing
 A - 4 potions of brilliance
 B - 2 potions of magic
 C - a potion of degeneration {unknown}
 D - a potion of resistance {unknown}
Comestibles
 c - 8 rations
 F - 3 chunks of flesh


   Skills:
 - Level 3.0 Fighting
 + Level 12.8 Polearms
 - Level 1.7 Armour
 - Level 0.8 Dodging
 - Level 2.4 Invocations


You had 7 spell levels left.
You knew the following spells:

 Your Spells              Type           Power        Failure   Level  Hunger
a - Apportation           Tloc           #.....       52%         1    ##.....

Your spell library contained the following spells:

 Spells                   Type           Power        Failure   Level  Hunger
 Animate Skeleton         Necr           N/A          52%         1    ##.....
 Corona                   Hex            #......      52%         1    ##.....
 Summon Small Mammal      Summ           #...         52%         1    ##.....
 Ensorcelled Hibernation  Hex/Ice        #.....       67%         2    ###....
 Confusing Touch          Hex            #.......     88%         3    ####...
 Dazzling Flash           Conj/Hex       #.....       88%         3    ####...
 Tukima's Dance           Hex            #.......     88%         3    ####...


Dungeon Overview and Level Annotations

Branches:
Dungeon (7/15)            Ossuary (visited)          Bailey (1/1)
 Temple: D:4-7

Altars:
Cheibriados
Gozag
Nemelex Xobeh
Okawaru
Uskayaw
Vehumet
Zin
The Shining One

Shops:
D:6 ?}[*:

Annotations:
Abyss:1 Duvessa


Innate Abilities, Weirdness & Mutations

You have a pair of antennae on your head.
You have sharp fingernails.
You have sharp toenails.
You sometimes gain a little power by taking damage.
When hurt, damage is shared between your health and your magic reserves.
You passively map a small area around you.
You expend magic power (3 MP) to strengthen your wands.


Message History

You hit the deep elf mage.
The deep elf mage is severely wounded.
The fire elemental closely misses you. The fire elemental hits you.
The fire elemental burns you!
You barely miss the deep elf mage.
The deep elf mage is severely wounded.
The deep elf mage hits you but does no damage.
The deep elf mage is engulfed in blazing flames.
The fire elemental hits you. The fire elemental burns you!
* * * LOW HITPOINT WARNING * * *
You puncture the deep elf mage!
The deep elf mage is almost dead.
The fire elemental hits you. The fire elemental burns you!
* * * LOW HITPOINT WARNING * * *
You hit the deep elf mage.
You kill the deep elf mage!
Lugonu accepts your kill.
Your life force feels restored.
The fire elemental hits you. The fire elemental burns you!
You die...

, *,, *
....# ,,, *
.(..# *, ,,
.... , * *,
{ #(.,, * *
#####)#
##...(# * {
#..°°.#, , *
, #.EEe.# ,
, * ,
#.@)..# , *
*###)..## ,
**
##..##'####
*
#....##...##
,,
#....#.....#
,
##..##..∩..#
,
######...##
* #####


You could see a deep elf mage and 2 fire elementals.

Vanquished Creatures
  5 deep elf magi (Bailey)
  An orc warrior (D:6)
  An ice beast (D:6)
  4 ogres
  Dowan (D:5)
  A scorpion (D:4)
  4 wights (D:6)
  3 centaur zombies
  A crimson imp (D:5)
  A bullfrog zombie (D:6)
  A gnoll shaman (D:5)
  2 bullfrog skeletons
  2 orc priests
  Crazy Yiuf (D:3)
  2 hounds
  A jelly (D:6)
  3 orc wizards
  3 worker ants
  4 big kobold zombies (Ossuary)
  2 hound skeletons
  6 mummies (Ossuary)
  7 gnolls
  9 adders
  A shadow imp (D:5)
  2 oozes
  3 worms
  5 dart slugs
  2 leopard geckos
  10 orcs
  A ball python (D:6)
  8 giant cockroaches
  13 goblins
  5 hobgoblins
  12 jackals
  5 quokkas
  5 bats
  7 frilled lizards
  A hobgoblin zombie (Ossuary)
  5 kobolds
  2 leopard gecko skeletons
  A quokka skeleton (D:6)
  9 rats
162 creatures vanquished.

Notes
Turn   | Place    | Note
-------+----------+-------------------------------------------
     0 | Abyss:1  | wvc the Demonspawn Abyssal Knight began the quest for the
                  | Orb.
     0 | Abyss:1  | Reached XP level 1. HP: 18/18 MP: 2/2
    41 | Abyss:1  | Noticed a small abomination
    42 | D:1      | Escaped the Abyss
    70 | D:1      | Reached skill level 2 in Polearms
   313 | D:1      | Gained mutation: When hurt, damage is shared between your
                  | health and your magic reserves. [demonic ancestry]
   313 | D:1      | Reached XP level 2. HP: 18/24 MP: 3/3
   326 | D:1      | Reached * piety under Lugonu
   548 | D:1      | Reached skill level 3 in Polearms
  1137 | D:2      | Gained mutation: You have a pair of small antennae on your
                  | head. [demonic ancestry]
  1137 | D:2      | Reached XP level 3. HP: 21/29 MP: 4/4
  1253 | D:2      | Found a glowing golden altar of the Shining One.
  1554 | D:2      | Reached ** piety under Lugonu
  1611 | D:2      | Found a snail-covered altar of Cheibriados.
  1612 | D:2      | Found a sparkling altar of Nemelex Xobeh.
  1616 | D:2      | Found a glowing silver altar of Zin.
  1784 | D:3      | Gained mutation: You sometimes gain a little power by
                  | taking damage. [demonic ancestry]
  1784 | D:3      | Reached XP level 4. HP: 31/35 MP: 5/5
  1795 | D:3      | Reached skill level 4 in Polearms
  2445 | D:3      | Noticed an ogre
  2467 | D:3      | Reached XP level 5. HP: 39/41 MP: 4/6
  2469 | D:3      | Killed an ogre
  2469 | D:3      | Reached skill level 5 in Polearms
  2596 | D:3      | Noticed a +0 dagger
  2596 | D:3      | Noticed a +0 hand axe
  2597 | D:3      | Found a hide-covered altar of Uskayaw.
  2693 | D:3      | Reached *** piety under Lugonu
  2816 | D:3      | Gained mutation: You have a pair of antennae on your head.
                  | [demonic ancestry]
  2816 | D:3      | Reached XP level 6. HP: 32/47 MP: 7/7
  3092 | D:3      | Found a runed translucent door.
  3093 | D:3      | Noticed Crazy Yiuf
  3099 | D:3      | Killed Crazy Yiuf
  3099 | D:3      | Reached skill level 6 in Polearms
  3199 | D:3      | Found a snail-covered altar of Cheibriados.
  3480 | D:4      | Found an iron altar of Okawaru.
  3617 | D:4      | Reached skill level 7 in Polearms
  3617 | D:4      | Reached XP level 7. HP: 52/52 MP: 8/8
  3683 | D:4      | Identified the +3 dagger "Fixtos" {elec, Dex+2 SInv}
  3813 | D:4      | Reached **** piety under Lugonu
  3857 | D:4      | Found a sand-covered staircase.
  3866 | Ossuary  | Entered an ossuary
  4081 | Ossuary  | Reached skill level 8 in Polearms
  4492 | D:5      | Entered Level 5 of the Dungeon
  4702 | D:5      | Noticed Duvessa
  4702 | D:5      | Noticed Dowan
  4765 | D:5      | Banished Duvessa
  4765 | D:5      | Gained mutation: You have sharp toenails. [demonic
                  | ancestry]
  4765 | D:5      | Reached XP level 8. HP: 58/58 MP: 9/9
  4807 | D:5      | Killed Dowan
  4830 | D:5      | Reached skill level 9 in Polearms
  4882 | D:5      | Found an opulent altar of Gozag.
  4960 | D:5      | Found a radiant altar of Vehumet.
  5144 | D:6      | Found Xicuhal's Antique Armour Shop.
  5384 | D:6      | Found Rizi's Gadget Shoppe.
  5563 | D:6      | Reached skill level 10 in Polearms
  5582 | D:6      | Found Zousm's General Store.
  5586 | D:6      | Bought a scroll of teleportation for 33 gold pieces
  5586 | D:6      | Bought a scroll of identify for 22 gold pieces
  6108 | D:6      | Learned a level 1 spell: Apportation
  6243 | D:6      | Found Noploat's Magic Scroll Emporium.
  6247 | D:6      | Bought a scroll of magic mapping for 45 gold pieces
  6247 | D:6      | Bought a scroll of enchant weapon for 97 gold pieces
  6247 | D:6      | Bought a scroll of identify for 26 gold pieces
  6288 | D:6      | Gained mutation: You passively map a small area around you.
                  | [potion of mutation]
  6288 | D:6      | Gained mutation: You expend magic power (3 MP) to
                  | strengthen your wands. [potion of mutation]
  6304 | D:6      | Found Veraq's Book Shoppe.
  6536 | D:7      | Found a flagged portal.
  6540 | Bailey   | Entered a bailey
  6546 | Bailey   | Noticed a deep elf mage
  6555 | Bailey   | Killed a deep elf mage
  6555 | Bailey   | Reached skill level 11 in Polearms
  6555 | Bailey   | Gained mutation: You have sharp fingernails. [demonic
                  | ancestry]
  6555 | Bailey   | Reached XP level 9. HP: 63/63 MP: 10/10
  6592 | Bailey   | Noticed a deep elf mage
  6593 | Bailey   | Noticed a deep elf mage
  6594 | Bailey   | Noticed a deep elf mage
  6597 | Bailey   | Killed a deep elf mage
  6607 | Bailey   | Noticed a deep elf mage
  6609 | Bailey   | Killed a deep elf mage
  6609 | Bailey   | Reached skill level 12 in Polearms
  6609 | Bailey   | Noticed a deep elf mage
  6618 | Bailey   | Killed a deep elf mage
  6621 | Bailey   | Noticed a deep elf mage
  6629 | Bailey   | Killed a deep elf mage
  6629 | Bailey   | Slain by a fire elemental

Levels and vault maps discovered:
D:1:      roderic_crop_circles_arrival_small, layout_basic,
          hangedman_glass_teeth, minivault_19
D:2:      layout_basic, overflow_temple_1_default,
          gammafunk_temple_overflow_forgotten, first_ration
D:3:      layout_loops_cross, dancing_weapons_uskayaw, kennysheep_slug_shrine,
          uniq_crazy_yiuf_cottage
D:4:      layout_rooms, kennysheep_okawaru_gauntlet,
          chequers_ossuary_entry_cave, grunt_ministairs_8
D:5:      layout_cave_pools, vehumet_crystals, grunt_gozag_breadcrumbs,
          uniq_duvessa
D:6:      layout_basic, serial_shops, nicolae_shop_competitors_out_of_business,
          shop_fountains, nicolae_shop_crystal, shop, shop
D:7:      layout_loops_ring, lemuel_doored_altar, overflow_temple_1_default,
          minmay_temple_entry_junction, enter_bailey_2,
          nicolae_dithmenos_shadow_blocks, uniq_menkaure
Bailey:   bailey_polearm_3, bailey

Skill      XL: |  1  2  3  4  5  6  7  8  9 |
---------------+----------------------------+-----
Polearms       | 2 3 4 5 7 8 11 12 | 12.8
Fighting       | |  3.0
Armour         | |  1.7
Dodging        | |  0.8
Invocations    | |  2.4

Action                   |  1- 3 |  4- 6 |  7- 9 || total
-------------------------+-------+-------+-------++-------
Melee: Spear             |   150 |    86 |       ||   236
       Trident           |       |    78 |   249 ||   327
Throw: Dart              |       |     5 |    17 ||    22
Invok: Depart the Abyss  |     1 |       |       ||     1
       Banish            |       |       |     2 ||     2
  Use: Scroll            |     1 |     4 |    11 ||    16
       Potion            |       |       |     8 ||     8
 Stab: Sleeping          |     2 |       |       ||     2
  Eat: Chunk             |     3 |     5 |     2 ||    10
       Ration            |       |     1 |     2 ||     3
Armor: Leather armour    |     9 |       |       ||     9
       Ring mail         |    17 |    47 |    79 ||   143
Dodge: Dodged            |    62 |    55 |    81 ||   198

Table legend:
 A = Non-vault XP
 B = Vault XP
 C = Vault XP percentage of total XP
 D = Non-vault monster count
 E = Vault monster count
 F = Vault count percentage of total count
                 A         B        C        D         E       F
            +---------+---------+-------+---------+---------+-------
      Total |    2184 |    3189 |  59.4 |     137 |      26 |  16.0
            +---------+---------+-------+---------+---------+-------
        D:1 |      32 |       0 |   0.0 |      12 |       0 |   0.0
        D:2 |      98 |       0 |   0.0 |      33 |       0 |   0.0
        D:3 |     287 |      44 |  13.3 |      31 |       2 |   6.1
        D:4 |     488 |      12 |   2.4 |      27 |       4 |  12.9
        D:5 |     235 |     150 |  39.0 |      11 |       2 |  15.4
        D:6 |    1044 |       0 |   0.0 |      23 |       0 |   0.0
    Ossuary |       0 |     305 | 100.0 |       0 |      13 | 100.0
     Bailey |       0 |    2678 | 100.0 |       0 |       5 | 100.0
            +---------+---------+-------+---------+---------+-------
